Map: Cyber Forest LE

Players

Denver

  • Race: Zerg Zerg
  • Spawn Location: 11:00

uThermal - Winner!

  • Race: Terran Terran
  • Spawn Location: 5:00

Event: 2019 WCS Summer

VOD

Have the link to the VOD?

Description

Time

  • Played on: July 12, 2019, 11:10 a.m.
  • Length: 11:07

All games in this series

Show
View Real Time Build Order
Export as new Build Order

Denver Zerg 

Build Orders: Hatch First 

Get SALT Encoding   

  12  0:00  Drone  
  13  0:12  Overlord  
  13  0:16  Drone  
  14  0:31  Drone x2  
  16  0:48  Hatchery  
  15  0:52  Drone  
  15  0:55  Drone  
  17  1:00  Drone  
  18  1:09  Extractor  
  17  1:14  Spawning Pool  
  17  1:17  Drone  
  17  1:21  Drone  
  18  1:29  Drone  
  19  1:39  Drone  
  20  1:49  Drone  
  21  2:00  Queen  
  21  2:01  Zergling x4, Queen  
  27  2:11  Metabolic Boost  
  27  2:12  Overlord  
  27  2:15  Drone  
  28  2:28  Spore Crawler  
  28  2:29  Spore Crawler  
  26  2:31  Drone  
  29  2:39  Drone  
  29  2:41  Hatchery  
  29  2:43  Drone x2  
  31  2:50  Overlord  
  31  2:54  Drone x2  
  31  2:57  Drone  
  34  3:03  Queen  
  36  3:08  Overlord  
  36  3:10  Drone  
  38  3:12  Drone  
  38  3:14  Drone  
  38  3:18  Overlord  
  39  3:21  Drone  
  40  3:27  Drone x2  
  40  3:30  Queen  
  44  3:34  Overlord  
  44  3:39  Queen  
  46  3:48  Zergling x10  
  50  3:56  Drone x2  
  50  3:57  Baneling Nest  
  50  4:00  Overlord  
  51  4:03  Overlord  
  51  4:08  Drone x2  
  51  4:19  Drone x5  
  51  4:21  Lair  
  56  4:24  Spore Crawler  
  56  4:26  Drone  
  56  4:27  Drone  
  56  4:29  Drone x2  
  59  4:35  Drone x3  
  62  4:41  Drone x3  
  62  4:42  Extractor  
  62  4:43  Drone  
  62  4:45  Drone  
  66  4:47  Zergling x2  
  66  4:52  Zergling x10  
  72  4:57  Spore Crawler x2  
  72  4:58  Baneling x4  
  72  4:59  Baneling  
  70  5:04  Drone x3  
  71  5:07  Drone x2  
  73  5:21  Zergling x12  
  68  5:26  Drone  
  68  5:27  Drone x3  
  68  5:28  Queen  
  66  5:31  Drone x2  
  68  5:37  Drone  
  69  5:43  Overlord  
  69  5:46  Drone x4, Extractor  
  69  5:47  Extractor  
  69  5:48  Centrifical Hooks  
  71  5:53  Drone x3  
  74  5:59  Drone, Evolution Chamber  
  74  6:00  Evolution Chamber  
  72  6:09  Drone x2  
  74  6:12  Drone x2  
  74  6:13  Drone  
  74  6:14  Hatchery, Roach Warren  
  74  6:16  Drone  
  74  6:17  Drone x2  
  78  6:20  Overlord  
  78  6:24  Drone x2  
  78  6:25  Drone  
  81  6:26  Overlord  
  81  6:27  Overseer  
  81  6:30  Drone  
  81  6:31  Drone  
  83  6:35  Zerg Melee Weapons Level 1  
  83  6:36  Zerg Ground Armor Level 1  
  83  6:39  Extractor  
  82  6:40  Drone x3, Extractor  
  82  6:43  Overlord  
  82  6:46  Drone x2  
  86  6:48  Overlord  
  86  6:49  Zergling x2  
  86  6:50  Zergling x2  
  88  6:57  Zergling x14  
  94  7:03  Hydralisk Den  
  94  7:04  Overseer  
  94  7:06  Zergling x4  
  95  7:11  Overseer  
  95  7:14  Baneling x9  
  96  7:15  Zergling x6  
  96  7:16  Zergling x4  
  96  7:18  Overlord  
  96  7:20  Overseer  
  96  7:21  Zergling x2  
  101  7:26  Zergling x8  
  105  7:33  Hydralisk x3, Grooved Spines  
  105  7:35  Baneling  
  105  7:36  Baneling x5  
  105  7:37  Baneling  
  111  7:41  Drone x4  
  111  7:42  Drone  
  116  7:48  Zergling x14  
  116  7:50  Baneling x2  
  119  7:54  Drone x3  
  118  7:59  Drone x2, Queen  
  120  8:07  Zergling x16  
  120  8:10  Overseer  
  120  8:12  Zergling x8  
  110  8:18  Queen  
  106  8:22  Zergling x10  
  106  8:26  Hydralisk x2  
  115  8:27  Baneling  
  115  8:28  Baneling x7  
  115  8:32  Zerg Ground Armor Level 2  
  115  8:36  Hydralisk x2  
  119  8:43  Overlord  
  119  8:44  Overlord x2  
  119  8:51  Overlord  
  119  8:56  Burrow  
  119  8:58  Muscular Augments  
  119  9:01  Hatchery  
  119  9:02  Zergling x16  
  125  9:03  Zergling x2  
  125  9:04  Zergling x2  
  125  9:07  Overseer  
  127  9:11  Hydralisk x2  
  127  9:12  Hydralisk  
  127  9:16  Baneling x10  
  127  9:17  Baneling  
  133  9:22  Drone  
  133  9:23  Drone x3  
  137  9:25  Infestation Pit  
  137  9:30  Zergling x14  
  140  9:40  Overlord  
  140  9:41  Zergling x16  
  140  9:44  Overlord  
  148  9:46  Overlord  
  148  9:48  Overlord  
  148  9:49  Overlord  
  148  9:51  Hatchery  
  148  9:53  Overlord  
  148  9:57  Overlord  
  148  10:00  Overlord  
  148  10:03  Zergling x14  
  155  10:12  Zergling x10  
  134  10:18  Zergling x8  
  138  10:25  Baneling x14  
  135  10:29  Zergling x14  
  134  10:36  Zergling x6  
  134  10:37  Zergling x2  
  134  10:42  Zergling x2  
Show
View Real Time Build Order
Export as new Build Order

uThermal Terran - Winner!

Build Orders: Liberator Opening, Reaper Expand 

Get SALT Encoding   

  12  0:01  SCV  
  13  0:13  SCV  
  14  0:17  Supply Depot  
  14  0:25  SCV  
  15  0:38  SCV  
  15  0:40  Barracks  
  16  0:44  Refinery  
  16  0:50  SCV  
  17  1:03  SCV  
  18  1:15  SCV  
  19  1:27  Orbital Command, Reaper  
  20  1:39  Command Center  
  20  1:49  Supply Depot  
  20  1:53  SCV  
  21  1:59  Marine  
  22  2:05  SCV  
  23  2:09  Factory  
  23  2:17  Refinery, SCV  
  24  2:23  Barracks Reactor  
  24  2:29  SCV  
  24  2:41  SCV  
  25  2:51  Orbital Command  
  25  2:54  SCV, Starport  
  26  3:03  Hellion x2  
  30  3:06  SCV  
  30  3:07  Marine  
  32  3:14  Liberator  
  32  3:18  SCV x2  
  34  3:24  Hellion x2  
  34  3:26  Supply Depot  
  41  3:34  Barracks Tech Lab  
  41  3:35  SCV x2  
  43  3:46  Hellion  
  43  3:48  Hellion  
  47  3:50  Supply Depot  
  47  3:52  SCV x2  
  49  3:56  Marauder  
  51  4:04  SCV x2  
  53  4:12  Hellion x2  
  53  4:14  Supply Depot  
  53  4:16  Medivac  
  59  4:20  Armory  
  59  4:24  Concussive Shells, Marauder  
  61  4:32  SCV, Supply Depot  
  61  4:36  Hellion  
  66  4:38  Hellion  
  66  4:41  SCV  
  66  4:43  Supply Depot  
  67  4:50  SCV  
  68  4:57  SCV  
  68  4:58  Hellion  
  73  5:00  Hellion  
  73  5:19  Hellion x4  
  73  5:20  SCV  
  63  5:23  Marine  
  63  5:25  Stimpack, SCV, Command Center  
  63  5:29  Starport Reactor  
  63  5:30  Barracks x2  
  63  5:32  SCV  
  63  5:34  Engineering Bay  
  61  5:36  Factory Tech Lab  
  61  5:39  Engineering Bay  
  61  5:44  Marine  
  61  5:46  SCV  
  61  5:47  Refinery  
  61  5:48  Refinery  
  61  5:49  SCV  
  64  5:54  Siege Tank  
  67  5:58  SCV  
  67  6:01  Marine, SCV, Terran Infantry Weapons Level 1  
  70  6:06  Terran Infantry Armor Level 1  
  70  6:11  SCV  
  71  6:17  Barracks, SCV  
  71  6:18  Barracks, Marine x2  
  73  6:21  Marine  
  73  6:24  Starport Reactor  
  75  6:27  Marine x2  
  75  6:28  Siege Tank  
  80  6:35  SCV  
  80  6:36  Marine x2  
  83  6:40  Marine, SCV  
  83  6:45  Marine  
  86  6:47  Marine, SCV  
  86  6:53  Marine  
  86  6:54  Marine, SCV  
  90  6:57  Orbital Command  
  90  6:58  Marine  
  90  7:00  Supply Depot, Medivac x2  
  96  7:03  Siege Tank  
  96  7:04  Marine, SCV  
  96  7:07  Barracks Reactor  
  96  7:08  Barracks Reactor  
  101  7:19  Supply Depot  
  101  7:21  Marine x3, SCV  
  105  7:23  Supply Depot  
  105  7:25  Combat Shield, SCV  
  105  7:27  Marine x2, SCV  
  109  7:39  Supply Depot  
  109  7:40  Marine x3, Medivac  
  109  7:41  SCV x3  
  115  7:51  Supply Depot  
  115  7:53  SCV x2  
  115  7:54  Sensor Tower  
  113  8:00  Marine  
  113  8:01  Marine  
  113  8:03  Terran Infantry Weapons Level 2  
  113  8:04  Terran Infantry Armor Level 2  
  113  8:05  SCV  
  114  8:12  Marine  
  102  8:14  Marine  
  102  8:16  Marine  
  102  8:17  Marine x2  
  102  8:19  Siege Tank, Medivac  
  104  8:22  Marine  
  105  8:30  Barracks, Marine x2  
  105  8:31  Barracks  
  105  8:32  Medivac  
  105  8:33  Barracks, Marine  
  110  8:35  Marine  
  110  8:40  Marine  
  110  8:41  Marine  
  113  8:42  Marine x2  
  113  8:43  Marine  
  113  8:47  Marine  
  113  8:48  Marine  
  118  8:49  Medivac  
  118  8:51  Siege Tank, Marine  
  118  8:54  Marine, Supply Depot  
  125  8:56  Supply Depot  
  125  8:58  Marine x2  
  125  8:59  Marine  
  125  9:01  Marine, Terran Vehicle Weapons Level 1  
  129  9:05  Marine x2  
  131  9:11  Supply Depot  
  131  9:12  Marine x3, Supply Depot  
  131  9:16  Marine x2  
  136  9:23  Marine  
  137  9:25  Marine  
  137  9:26  Marine x4  
  137  9:30  Marine x2, Medivac  
  137  9:31  Marine x2, Missile Turret  
  147  9:33  Siege Tank  
  147  9:34  Marine  
  147  9:35  Marine  
  152  9:41  Marine  
  152  9:43  Marine  
  152  9:44  Marine x2  
  156  9:45  Marine, Medivac  
  156  9:46  Supply Depot  
  156  9:47  Marine  
  156  9:48  Marine  
  161  9:54  Marine x2  
  161  9:55  Marine, Supply Depot  
  161  9:56  Marine, Supply Depot  
  161  9:59  Marine  
  166  10:02  Marine  
  167  10:13  Marine  
  167  10:14  Marine x9  
  132  10:17  Marine  
  132  10:20  Marine  
  140  10:22  Command Center  
  140  10:31  Marine  
  140  10:32  Marine x7  
  147  10:37  Marine x2  
  154  10:43  Marine x2  
Tags
 
Add a new tag
Caveats
  • Supply blocks, unpowered buildings, or Contaminate may cause inaccurate times.
  • Supply counts are checked every 10 seconds.